 Dungeon Crawl Stone Soup version 0.29.1-1-gd02db6906a (webtiles) character file.

Game seed: 13870064261487423020

9 Kold the Trooper (level 2, 20/24 HPs)
             Began as a Demonspawn Cinder Acolyte on Oct 19, 2022.
             Was a High Priest of Ignis.
             Quit the game on level 1 of the Dungeon.
             The game lasted 00:00:14 (247 turns).

Kold the Trooper (Demonspawn Cinder Acolyte)         Turns: 247, Time: 00:00:15

Health: 20/24      AC:  2    Str: 14    XL:     2   Next: 3%
Magic:  3/3        EV: 11    Int: 15    God:    Ignis [*****.]
Gold:   19         SH:  4    Dex:  8    Spells: 3/3 levels left

rFire   + . .      SeeInvis .     - Unarmed
rCold   . . .      Faith    .   (no shield)
rNeg    . . .      Spirit   .   a - +0 robe
rPois   .          Reflect  .   (no helmet)
rElec   .          Harm     .   (no cloak)
rCorr   .          Rampage  .   (no gloves)
Will    .....                   (no boots)
Stlth   +.........              (no amulet)
HPRegen 0.08/turn               (no ring)
MPRegen 0.08/turn               (no ring)

@: no status effects
A: condensation shield
a: Renounce Religion, Fiery Armour, Foxfire Swarm, Rising Flame


You were on level 1 of the Dungeon.
You worshipped Ignis.
Ignis was extremely pleased with you.
You visited 1 branch of the dungeon, and saw 1 of its levels.

You collected 19 gold pieces.

Inventory:

Armour
 a - a +0 robe (worn)


   Skills:
 + Level 3.1 Fighting
 + Level 2.8 Unarmed Combat
 + Level 1.2 Spellcasting
 + Level 2.8 Fire Magic


You had 3 spell levels left.
You didn't know any spells.
Your spell library contained the following spells:

 Spells                   Type           Power      Damage    Failure   Level
 Scorch                   Fire           18%        2d6       11%         2


Dungeon Overview and Level Annotations

Branches:
Dungeon (1/15)

Altars:


Innate Abilities, Weirdness & Mutations

A meltable shield of frost defends you. (SH +4)


Message History

You hit the rat.
You kill the rat!
You see here a rat corpse.
HP restored.
A jackal comes into view.
A jackal is nearby!
A jackal comes into view.
Found 10 gold pieces.
The jackal barks!
You hear a bark!
A jackal comes into view.
A frilled lizard comes into view.
Found a short sword.
The jackal barks!
A jackal comes into view.
The jackal barks!
You hit the jackal. You punch the jackal.
The jackal is almost dead.
The jackal bites you.
You hit the jackal.
You kill the jackal!
The jackal closely misses you. The jackal barely misses you.
The jackal attacks as you move away! The jackal misses you.
The jackal barely misses you. x2
The jackal attacks as you move away! The jackal closely misses you.
The jackal attacks as you move away! The jackal closely misses you.
The jackal bites you but does no damage.
The jackal closely misses you. The jackal attacks as you move away!
The jackal barely misses you.
The jackal bites you but does no damage.
You barely miss the jackal. The jackal misses you. The jackal bites you.
You closely miss the jackal. The jackal completely misses you.
You hit the jackal.
The jackal is heavily wounded.
The jackal barely misses you.
You hit the jackal.
You kill the jackal!
You have reached level 2!
Your demonic ancestry asserts itself...
Frost condenses into a shield before you.
Are you sure you want to abandon this character and quit the game? (Confirm with "yes".)

. ...#.# #.# ... .. ...#.#
#.# #.#.. ... #.##.# #.#
#.#.# ... #.##.# #.# #.#.#
...####.##.###.###.#.#
.........†.........#.# #
≈≈≈≈≈.≈≈≈≈≈≈≈≈)##....# ..
##≈≈≈†≈≈≈####≈.###l#.####.##
.####'####.⌠#≈.#@h..........
.+.......+..#≈.#####........
+####'####+##≈.............#
.#.......#.#≈≈.............#
.#...8...#.#≈≈......†......#
.'.#####.+.#≈≈.............#
.#...8...#.#≈≈..............
.#.......#.#≈≈..............
'####+####+##≈$............#


You could see a jackal and a frilled lizard.

Vanquished Creatures
  6 jackals (D:1)
  A rat (D:1)
7 creatures vanquished.

Notes
Turn   | Place    | Note
-------+----------+-------------------------------------------
     0 | D:1      | Kold the Demonspawn Cinder Acolyte began the quest for the
                  | Orb.
     0 | D:1      | Reached XP level 1. HP: 18/18 MP: 2/2
   247 | D:1      | Gained mutation: A meltable shield of frost defends you.
                  | (SH +4) [demonic ancestry]
   247 | D:1      | Reached XP level 2. HP: 20/24 MP: 3/3
   247 | D:1      | Quit the game

Illustrated notes

Levels and vault maps discovered:
D:1:      heliophobic_arrival_glass_houses, layout_basic

Action                   || total
-------------------------++-------
Melee: Unarmed           ||    28
       Punch             ||     1
Armor: Robe              ||     3
Dodge: Dodged            ||    30
